 Dungeon Crawl Stone Soup version 0.31-a0-188-g5e087ee2ca (webtiles) character file.

Game seed: 5854885764978723916

5 qw the Shooter (level 1, 0/12 HPs)
             Began as a Deep Elf Hunter on June 23, 2023.
             Slain by a quokka (1 damage)
             ... on level 1 of the Dungeon.
             The game lasted 00:00:03 (107 turns).

qw the Shooter (Deep Elf Hunter)                     Turns: 107, Time: 00:00:04

Health: 0/12       AC:  3    Str:  8    XL:     1   Next: 66%
Magic:  3/3        EV: 12    Int: 13    God:
Gold:   26         SH:  0    Dex: 18    Spells: 0/0 levels left

rFire   . . .        a - +0 shortbow
rCold   . . .        (shield currently unavailable)
rNeg    . . .        c - +0 leather armour
rPois   .            (no helmet)
rElec   .            (no cloak)
rCorr   .            (no gloves)
SInv    .            (no boots)
Will    .....        (no amulet)
Stlth   ++           (no ring)
HPRegen 0.22/turn    (no ring)
MPRegen 0.08/turn

%: no passive effects
@: no status effects
A: no striking features
a: no special abilities


You were on level 1 of the Dungeon.
You visited 1 branch of the dungeon, and saw 1 of its levels.

You collected 26 gold pieces.


   Skills:
 - Level 1.5 Fighting
 + Level 5.7 Ranged Weapons
 - Level 2.4 Dodging
 - Level 1.2 Stealth


You couldn't memorise any spells.
You didn't know any spells.
Your spell library was empty.

Inventory:

Hand Weapons
 a - a +0 shortbow (weapon)
Armour
 c - a +0 leather armour (worn)
Scrolls
 b - a scroll of butterflies
Potions
 d - a potion of might {unknown}

Dungeon Overview and Level Annotations

Branches:
Dungeon (1/15)

Altars:


Message History

Found a dented platinum amulet.
You shoot an arrow.
The arrow hits the endoplasm but does no damage.
The endoplasm quivers.
You shoot an arrow. The arrow barely misses the endoplasm.
You shoot an arrow.
The arrow hits the endoplasm but does no damage.
You shoot an arrow. The arrow barely misses the endoplasm.
The endoplasm hits you.
You shoot an arrow.
The arrow hits the endoplasm but does no damage.
The endoplasm freezes you.
You are frozen.
You shoot an arrow. The arrow hits the endoplasm.
The endoplasm is moderately wounded.
The endoplasm barely misses you. The endoplasm freezes you.
You are frozen.
You shoot an arrow. The arrow hits the endoplasm.
The endoplasm is almost dead.
The endoplasm freezes you.
You are frozen.
You shoot an arrow. The arrow hits the endoplasm!
You kill the endoplasm!
The quokka bites you.
You shoot an arrow. The arrow closely misses the quokka.
The quokka closely misses you.
You shoot an arrow. The arrow hits the quokka.
The quokka is severely wounded.
The quokka bites you.
You shoot an arrow. The arrow barely misses the quokka.
The quokka bites you but does no damage.
You shoot an arrow. The arrow barely misses the quokka.
The quokka bites you but does no damage.
The quokka bites you.
You shoot an arrow. The arrow closely misses the quokka.
The quokka barely misses you.
You shoot an arrow. The arrow misses the quokka.
The quokka barely misses you. The quokka bites you.
You die...

##############
#............###
##.########.....#
#...## ####.#.#.###
.#.#.###........@.#
......##.##.#.#.#r#
.#.#.....##.....#.#
....#########.###..
.#.## #.# ... .#.#
#.# .... .#.# #.#
."... .#.# #.
...... ##..


You could see a quokka.

Vanquished Creatures
  An endoplasm (D:1)
  A giant cockroach (D:1)
  A goblin (D:1)
  A kobold (D:1)
4 creatures vanquished.

Notes
Turn   | Place    | Note
-------+----------+-------------------------------------------
     0 | D:1      | qw the Deep Elf Hunter began the quest for the Orb.
     0 | D:1      | Reached XP level 1. HP: 12/12 MP: 3/3
     0 | D:1      | 0 ||| qw: Version: 0.3-a-9-g12657ce
     0 | D:1      | 0 ||| qw: Game counter: 3946
     0 | D:1      | 0 ||| qw: Always use a shield: true
     0 | D:1      | 0 ||| qw: God list: Okawaru
     0 | D:1      | 0 ||| qw: Allow faded altars: false
     0 | D:1      | 0 ||| qw: Do Orc after D:15 true
     0 | D:1      | 0 ||| qw: Do second Lair branch before Depths: true
     0 | D:1      | 0 ||| qw: Lair rune preference: random
     0 | D:1      | 0 ||| qw: Plans: Normal
     0 | D:1      | 0 ||| PLANNING D:1-11
   103 | D:1      | HP: 2/12 [quokka (3)]
   107 | D:1      | Slain by a quokka

Levels and vault maps discovered:
D:1:      amcnicky_arrival_feature_with_door, layout_loops_ring,
          dreamdust_ecumenical_altar_hidden_monk_grotto, minmay_bisected

Action                     || total
---------------------------++-------
   Fire: Shortbow          ||    25
 Armour: Leather armour    ||     4
  Dodge: Dodged            ||     8

Table legend:
 A = Non-vault XP
 B = Vault XP
 C = Vault XP percentage of total XP
 D = Non-vault monster count
 E = Vault monster count
 F = Vault count percentage of total count
                 A         B        C        D         E       F
            +---------+---------+-------+---------+---------+-------
      Total |       8 |       0 |   0.0 |       4 |       0 |   0.0
            +---------+---------+-------+---------+---------+-------
        D:1 |       8 |       0 |   0.0 |       4 |       0 |   0.0
            +---------+---------+-------+---------+---------+-------
